 Dungeon Crawl Stone Soup version 0.31-a0-996-g3b49de5836 (webtiles) character file.

Game seed: 5177616009205258693

32 Nedwor the Ducker (level 3, -1/28 HPs)
             Began as a Merfolk Gladiator on Nov 7, 2023.
             Was an Initiate of Qazlal.
             Killed from afar by Natasha (9 damage)
             ... with a magic dart
             ... on level 2 of the Dungeon.
             The game lasted 00:01:51 (1030 turns).

Nedwor the Ducker (Merfolk Gladiator)               Turns: 1030, Time: 00:01:51

Health: -1/28      AC:  5    Str: 14    XL:     3   Next: 25%
Magic:  3/3        EV: 13    Int:  7    God:    Qazlal [......]
Gold:   47         SH:  0    Dex: 17    Spells: 2/2 levels left

rFire   . . .        a - +0 long sword
rCold   . . .        (no shield)
rNeg    . . .        b - +0 leather armour
rPois   .            c - +0 helmet
rElec   .            (no cloak)
rCorr   .            (no gloves)
SInv    .            m - +0 pair of boots
Will    .....        (no amulet)
Stlth   +            (no ring)
HPRegen 0.24/turn    (no ring)
MPRegen 0.08/turn

%: no passive effects
@: no status effects
A: (nimble swimmer 2), mertail
a: Renounce Religion


You were on level 2 of the Dungeon.
You worshipped Qazlal.
Qazlal was noncommittal.
You visited 1 branch of the dungeon, and saw 2 of its levels.

You collected 47 gold pieces.

Inventory:

Hand Weapons
 a - a +0 long sword (weapon)
Missiles
 d - 4 throwing nets (quivered)
 e - a javelin
Armour
 b - a +0 leather armour (worn)
 c - a +0 helmet (worn)
 m - a +0 pair of boots (worn)
Jewellery
 j - a +6 ring of strength
Scrolls
 f - a scroll of teleportation {unknown}
 i - a scroll of revelation {unknown}
 k - a scroll of poison {unknown}
 l - 2 scrolls of identify {unknown}
Potions
 g - a potion of enlightenment {unknown}
 h - a potion of magic {unknown}
 n - a potion of curing {unknown}
 o - a potion of lignification {unknown}


   Skills:
 + Level 2.6 Fighting
 * Level 4.3 Long Blades
 - Level 2.0 Throwing
 + Level 0.2 Armour
 + Level 4.4 Dodging
 + Level 0.2 Invocations


You had 2 spell levels left.
You didn't know any spells.
Your spell library contained the following spells:

 Spells                   Type           Power      Damage    Failure   Level
 Summon Guardian Golem    Hex/Summ       0%         N/A       87%         3
 Orb of Destruction       Conj           0%         9d5       100%        7
 Spellforged Servitor     Conj/Summ      0%         N/A       100%        7


Dungeon Overview and Level Annotations

Branches:
Dungeon (2/15)

Altars:
Qazlal

Annotations:
D:2 Natasha


Innate Abilities, Weirdness & Mutations

((You are very nimble when in or above water. (Stealth+, EV+, Speed+++)))
Your lower body shifts to a powerful aquatic tail in water.


Message History

You closely miss the orc.
The orc is almost dead.
The orc barely misses you.
You completely miss the orc.
The orc is almost dead.
The orc closely misses you. The orc hits you but does no damage.
Natasha misses you.
You hit the orc.
You kill the orc!
Qazlal accepts your kill. The orc hits you with a +0 whip.
Natasha howls an incantation.
You feel disoriented. Natasha claws you.
The orc hits you with a +0 short sword. The orc barely misses you.
You slash Natasha!
Natasha is severely wounded.
Natasha barely misses you. The orc hits you with a +0 whip.
The orc hits you but does no damage.
Unknown command.
You hit Natasha but do no damage.
Natasha is severely wounded.
Natasha claws you.
The orc closely misses you. x2; Natasha closely misses you.
Unknown command.
You miss Natasha.
Natasha is severely wounded.
The orc misses you. The orc barely misses you. Natasha claws you!
* * * LOW HITPOINT WARNING * * *
Unknown command.
You are too injured to fight recklessly!
Unknown command.
You are too injured to fight recklessly!
You are too injured to fight recklessly!
Unknown command.
You are too injured to fight recklessly!
Unknown command.
Natasha casts a spell at you. The magic dart hits you!
You die...
Natasha curls up and begins to purr.

.. #......# ..# #......#
#..### #......### ....
#......##. ... +......##.
#.## #...... #. #..### #.
...###+##...##### #.
......oo@##.....### ##.
.......h.######...#####..
.........+...............
.........##########..>...
.........# #.........
.........# ##.........
.........) ...........
.......... #...........
............


You could see Natasha and 2 orcs.

Vanquished Creatures
  A worm (D:2)
  An orc (D:2)
  3 ball pythons
  6 endoplasms (D:1)
  A giant cockroach (D:1)
  2 quokkas
  3 bats
  A frilled lizard (D:2)
  2 goblins (D:1)
  3 kobolds (D:1)
  A rat (D:1)
24 creatures vanquished.

Notes
Turn   | Place    | Note
-------+----------+-------------------------------------------
     0 | D:1      | Nedwor the Merfolk Gladiator began the quest for the Orb.
     0 | D:1      | Reached XP level 1. HP: 16/16 MP: 1/1
   139 | D:1      | Reached XP level 2. HP: 23/23 MP: 2/2
   679 | D:2      | Found a stormy altar of Qazlal.
   697 | D:2      | Reached XP level 3. HP: 23/28 MP: 3/3
   736 | D:2      | Became a worshipper of Qazlal Stormbringer
   871 | D:2      | Found a faded altar of an unknown god.
  1021 | D:2      | Noticed Natasha
  1030 | D:2      | Killed from afar by Natasha

Illustrated notes

Levels and vault maps discovered:
D:1:      saegor_arrival_simple_e, layout_basic, due_unseen_surprise
D:2:      layout_basic, basic_altar,
          dreamdust_ecumenical_altar_angels_and_demons, uniq_natasha,
          uniq_jessica

Skill      XL: |  1 |
---------------+----+-----
Long Blades    | 4 |  4.3
Fighting       | |  2.6
Throwing       | |  2.0
Armour         | |  0.2
Dodging        | |  4.4
Invocations    | |  0.2

Action                     || total
---------------------------++-------
  Melee: Long sword        ||    69
         Punch             ||     1
 Armour: Leather armour    ||    33
  Dodge: Dodged            ||    58

Table legend: (Time is in decaauts)
 A = Elapsed time spent in this place.
 B = Non-inter-level travel time spent in this place.
 C = Inter-level travel time spent in this place.
 D = Time resting spent in this place.
 E = Time spent auto-exploring this place.
 F = Levels seen in this place.
 G = Mean time per level.
                   A        B        C        D        E       F      G
               +--------+--------+--------+--------+--------+-----+--------+
         Total |   1043 |    969 |     74 |      0 |    728 |   2 |  521.5 |
       Dungeon |   1043 |    969 |     74 |      0 |    728 |   2 |  521.5 |
               +--------+--------+--------+--------+--------+-----+--------+

Top non-repeatable levels by time:
     D:1: 686 daAuts
     D:2: 357 daAuts
